 Dungeon Crawl Stone Soup version 0.30-a0-1161-g0704695555 (webtiles) character file.

Game seed: 15125089867304992907

11 voltaire321 the Sneak (level 2, 0/15 HPs)
             Began as a Kobold Enchanter on Apr 27, 2023.
             Slain by an endoplasm (2 damage)
             ... on level 1 of the Dungeon.
             The game lasted 00:01:40 (384 turns).

voltaire321 the Sneak (Kobold Enchanter)             Turns: 384, Time: 00:01:40

Health: 0/15       AC:  2    Str:  5    XL:     2   Next: 40%
Magic:  1/5        EV: 15    Int: 16    God:
Gold:   28         SH:  0    Dex: 15    Spells: 3/5 levels left

rFire   . . .        a - +1 dagger
rCold   . . .        (no shield)
rNeg    . . .        b - +0 robe
rPois   .            (no helmet)
rElec   .            (no cloak)
rCorr   .            (no gloves)
SInv    .            (no boots)
Will    .....        (no amulet)
Stlth   ++++         (no ring)
HPRegen 0.22/turn    (no ring)
MPRegen 0.09/turn

%: no passive effects
@: no status effects
A: small, no large weapons, nightstalker 3
a: no special abilities


You were on level 1 of the Dungeon.
You visited 1 branch of the dungeon, and saw 1 of its levels.

You collected 28 gold pieces.

Inventory:

Hand Weapons
 a - a +1 dagger (weapon)
Armour
 b - a +0 robe (worn)
Jewellery
 d - a ring of magical power
Scrolls
 e - 2 scrolls of identify {unknown}
 i - a scroll of magic mapping {unknown}
Potions
 c - 2 potions of invisibility
 f - a potion of experience {unknown}
 g - a potion of might {unknown}
 h - a potion of heal wounds {unknown}


   Skills:
 + Level 0.3 Fighting
 + Level 1.7 Short Blades
 + Level 0.2 Armour
 + Level 2.5 Dodging
 * Level 4.4 Stealth
 + Level 2.2 Spellcasting
 + Level 3.0 Hexes
 + Level 0.0 Ice Magic


You had 3 spell levels left.
You knew the following spells:

 Your Spells              Type           Power      Damage    Failure   Level
a - Ensorcelled Hibernat  Hex/Ice        12%        N/A       16%         2

Your spell library contained the following spells:

 Spells                   Type           Power      Damage    Failure   Level
 Confusing Touch          Hex            11%        N/A       17%         3
 Tukima's Dance           Hex            11%        N/A       17%         3
 Dazzling Flash           Conj/Hex       12%        N/A       32%         3


Dungeon Overview and Level Annotations

Branches:
Dungeon (1/15)

Altars:


Innate Abilities, Weirdness & Mutations

You are small and have problems with some larger weapons.
You are completely attuned to the shadows.


Message History

The endoplasm freezes you.
You are frozen.
You hit the endoplasm.
The endoplasm is almost dead.
The endoplasm closely misses you.
You hit the endoplasm but do no damage.
The endoplasm is almost dead.
The endoplasm freezes you.
You are frozen.
Aiming: Ensorcelled Hibernation (safe; 16% risk of failure)
Press: ? - help, Q - select action Shift-Dir - straight line, f - endoplasm
Aim: an endoplasm (almost dead, chance to affect: 57%)
The endoplasm resists with significant effort.
The endoplasm freezes you.
You are frozen.
* * * LOW HITPOINT WARNING * * *
You hit the endoplasm but do no damage.
The endoplasm is almost dead.
The endoplasm freezes you.
You are frozen.
* * * LOW HITPOINT WARNING * * *
The endoplasm jiggles.
Aiming: Ensorcelled Hibernation (safe; 16% risk of failure)
Press: ? - help, Q - select action Shift-Dir - straight line, f/p - endoplasm
Aim: an endoplasm (almost dead, chance to affect: 57%)
The endoplasm resists with significant effort.
The endoplasm barely misses you.
You don't have enough magic to cast this spell.
Unknown command.
You hit the endoplasm but do no damage.
The endoplasm is almost dead.
You hit the endoplasm.
You kill the endoplasm!
You hit the endoplasm.
The endoplasm is moderately wounded.
The endoplasm barely misses you.
You hit the endoplasm.
The endoplasm is almost dead.
The endoplasm hits you.
You die...

#.>................
#.....#.#.#######.#
#.....#.#.# #####..
##'####.#.###†....#
#.# ..#....†....+
#.# #######.....#
#.# #.....# #.#
####### #@# #
#J#.## ##'#...
#...### #......
#...##. #...# #...#
#...#


You could see an endoplasm.

Vanquished Creatures
  A bat (D:1)
  2 endoplasms (D:1)
  A giant cockroach (D:1)
  A hobgoblin (D:1)
  2 quokkas (D:1)
  A frilled lizard (D:1)
  2 rats (D:1)
10 creatures vanquished.

Vanquished Creatures (others)
  4 toadstools (D:1)
4 creatures vanquished.

Grand Total: 14 creatures vanquished

Notes
Turn   | Place    | Note
-------+----------+-------------------------------------------
     0 | D:1      | voltaire321 the Kobold Enchanter began the quest for the
                  | Orb.
     0 | D:1      | Reached XP level 1. HP: 10/10 MP: 3/3
   167 | D:1      | Reached XP level 2. HP: 15/15 MP: 5/5
   170 | D:1      | Learned a level 2 spell: Ensorcelled Hibernation
   384 | D:1      | Slain by an endoplasm

Illustrated notes

Levels and vault maps discovered:
D:1:      lightli_arrival_lavapool, layout_basic, dk_noncrumbling_3,
          minmay_misc_feat_chi, minmay_gold_behind_fungi, kennysheep_doodads

Action                     || total
---------------------------++-------
  Melee: Dagger            ||    30
   Cast: Ensorcelled Hiber ||     3
   Stab: Sleeping          ||     8
 Armour: Robe              ||     1
  Dodge: Dodged            ||    19

Table legend: (Time is in decaauts)
 A = Elapsed time spent in this place.
 B = Non-inter-level travel time spent in this place.
 C = Inter-level travel time spent in this place.
 D = Time resting spent in this place.
 E = Time spent auto-exploring this place.
 F = Levels seen in this place.
 G = Mean time per level.
                   A        B        C        D        E       F      G
               +--------+--------+--------+--------+--------+-----+--------+
         Total |    381 |    381 |      0 |     34 |    251 |   1 |  381.0 |
       Dungeon |    381 |    381 |      0 |     34 |    251 |   1 |  381.0 |
               +--------+--------+--------+--------+--------+-----+--------+

Top non-repeatable levels by time:
     D:1: 381 daAuts
